 Dungeon Crawl Stone Soup version 0.31.0-12-g77e489cdc1 (webtiles) character file.

Game seed: 3296782415653894832

3006 mopl the Summoner (level 9, -5/52 HPs)
             Began as a Tengu Summoner on Feb 11, 2024.
             Was a Priest of Sif Muna.
             Engulfed by a steam dragon's steam (8 damage)
             ... on level 7 of the Dungeon.
             The game lasted 00:07:07 (4690 turns).

mopl the Summoner (Tengu Summoner)                  Turns: 4690, Time: 00:07:08

Health: -5/52      AC:  7    Str: 14    XL:     9   Next: 84%
Magic:  20/20      EV: 31    Int: 20    God:    Sif Muna [***...]
Gold:   388        SH:  0    Dex: 15    Spells: 8/22 levels left

rFire   . . .        a - +8 trident of Anguish {spect, rElec rC- SInv Stlth+}
rCold   x . .        (no shield)
rNeg    . . .        v - +2 leather armour {rPois}
rPois   +            j - +2 hat
rElec   +            (no cloak)
rCorr   .            (no gloves)
SInv    +            (boots unavailable)
Will    .....        (no amulet)
Stlth   +++          C - +6 ring of strength
HPRegen 0.28/turn    (no ring)
MPRegen 0.17/turn

%: acrobat
@: acrobatic, flying, inugami summoned
A: beak, talons 3, evasive flight, acrobatic
a: Renounce Religion, Channel Magic, Forget Spell


You were on level 7 of the Dungeon.
You worshipped Sif Muna.
Sif Muna was most pleased with you.
You visited 1 branch of the dungeon, and saw 7 of its levels.

You collected 478 gold pieces.
You spent 90 gold pieces at shops.

Inventory:

Hand Weapons
 a - the +8 trident of Anguish (weapon) {spect, rElec rC- SInv Stlth+}
   (You found it on level 3 of the Dungeon)

   rC-:       It makes you vulnerable to cold.
   rElec:     It insulates you from electricity.
   SInv:      It lets you see invisible.
   Stlth+:    It makes you more stealthy.
 b - the +11 rapier of the Pit {venom, Str+2 Int+3}
   (You found it on level 4 of the Dungeon)

   Str+2:     It affects your strength (+2).
   Int+3:     It affects your intelligence (+3).
 q - a +2 sling of flaming
 x - a +0 trident of venom
 E - a +0 vampiric trident
Missiles
 g - 6 throwing nets
 r - 8 poisoned darts
 t - 8 boomerangs
Armour
 j - a +2 hat (worn)
 v - a +2 leather armour of poison resistance (worn)
 F - a +0 kite shield
Jewellery
 C - a +6 ring of strength (left hand)
Wands
 y - a wand of flame (16)
Scrolls
 d - 3 scrolls of teleportation {unknown}
 l - 4 scrolls of identify {unknown}
 n - a scroll of vulnerability {unknown}
 p - 2 scrolls of acquirement {unknown}
 s - 3 scrolls of fog {unknown}
 w - a scroll of enchant weapon {unknown}
 z - a scroll of enchant armour {unknown}
 B - a scroll of poison {unknown}
 G - a scroll of amnesia {unknown}
Potions
 c - 2 potions of resistance {unknown}
 e - 2 potions of degeneration {unknown}
 f - a potion of haste {unknown}
 h - 2 potions of magic
 i - 2 potions of heal wounds {unknown}
 k - a potion of mutation {unknown}
 m - 2 potions of might {unknown}
 o - 2 potions of curing
 u - 2 potions of attraction {unknown}
 A - a potion of lignification {unknown}
 D - a potion of brilliance {unknown}


   Skills:
 + Level 4.0 Fighting
 + Level 5.1 Polearms
 - Level 2.1 Dodging
 - Level 2.0 Stealth
 + Level 0.6 Shields
 * Level 7.2 Spellcasting
 * Level 10.2 Summonings
 + Level 4.0 Invocations


You had 8 spell levels left.
You knew the following spells:

 Your Spells              Type           Power      Damage    Failure   Level
a - Summon Lightning Spi  Summ/Air       27%        N/A       14%         4
b - Call Imp              Summ           96%        N/A       1%          2
c - Call Canine Familiar  Summ           48%        N/A       1%          3
d - Summon Small Mammal   Summ           100%       N/A       1%          1
g - Summon Blazeheart Go  Fire/Summ      27%        N/A       14%         4

Your spell library contained the following spells:

 Spells                   Type           Power      Damage    Failure   Level
 Foxfire                  Conj/Fire      28%        2x1d5     12%         1
 Dazzling Flash           Conj/Hex       14%        N/A       34%         3
 Mephitic Cloud           Conj/Alch/Air  7%         N/A       34%         3
 Tukima's Dance           Hex            7%         N/A       34%         3
 Dimensional Bullseye     Hex/Tloc       3%         N/A       75%         4
 Iskenderun's Mystic Bla  Conj/Tloc      7%         2d4       75%         4
 Curse of Agony           Necr           7%         N/A       97%         5
 Silence                  Hex/Air        3%         N/A       97%         5
 Plasma Beam              Fire/Air       3%         2x1d13    100%        6
 Starburst                Conj/Fire      3%         6d3       100%        6


Dungeon Overview and Level Annotations

Branches:
Dungeon (7/15)
 Temple: D:4-7

Altars:
Sif Muna
Wu Jian
Yredelemnul
Zin


Innate Abilities, Weirdness & Mutations

You have a beak for a mouth.
You have claws for feet.
Your magical flight helps you evade attacks. (EV +4)
You can magically evade attacks while moving or waiting.


Message History

No target in view!
You swap places.
Your +8 trident of Anguish {spect, rElec rC- SInv Stlth+} disappears.
You now have 375 gold pieces (gained 13).
You swap places.
Magic restored.
Found a falchion.
Items here: )))) [[ ††.
G - a scroll labelled JEBUWAIGUN
e - 2 murky inky potions (gained 1)
You now have 388 gold pieces (gained 13).
A steam dragon comes into view.
A steam dragon is nearby!
You hit the steam dragon. Your kick misses the steam dragon.
The steam dragon is moderately wounded.
The steam dragon breathes steam at you. The ball of steam hits you!!
The ball of steam hits your inugami!
Your inugami is engulfed in a cloud of scalding steam.
You hear a shout!
You are too injured to fight recklessly!
You are too injured to fight recklessly!
You are too injured to fight recklessly!
Unknown command.
You hit the steam dragon.
You peck the steam dragon, but do no damage.
The steam dragon is heavily wounded.
You are engulfed in a cloud of scalding steam.
* * * LOW HITPOINT WARNING * * *
The steam dragon completely misses you. The steam dragon misses you.
Unknown command.
You closely miss the steam dragon.
The steam dragon is moderately wounded.
You are engulfed in a cloud of scalding steam.
* * * LOW HITPOINT WARNING * * *
The steam dragon bites you.
* * * LOW HITPOINT WARNING * * *
The steam dragon closely misses you.
Okay, then.
You swap places.
You are engulfed in a cloud of scalding steam.
You die...

####.##.########.#
.....##........#.#
...............#.#
....#######....#.#
...............#§# #
....##.........#.#.#
....##.####....#.#.#
....##.####........#
#.####.........#@###
#...)...####.###h#
#####...# ...# #D#
........###### #..
.####.#.# ####
#.#.). #.##### ...
###


You could see a steam dragon (ally target) and a friendly inugami (summoned).

Vanquished Creatures
  Pikel (D:5)
  Prince Ribbit (D:6)
  Grinder (D:3)
  Eustachio (D:5)
  An ice beast (D:5)
  An orc warrior (D:7)
  A sky beast (D:7)
  A wolf (D:6)
  5 scorpions
  2 gnoll sergeants (D:6)
  2 wights (D:6)
  2 howler monkeys
  4 bombardier beetles
  9 hounds
  A jelly (D:6)
  2 gnoll boudas (D:6)
  2 orc priests
  3 iguanas
  20 gnolls
  6 adders
  2 white imps (D:6)
  2 ufetubi (D:4)
  3 dart slugs
  18 orcs
  7 ball pythons
  A bat skeleton (D:2)
  6 endoplasms
  3 giant cockroaches
  4 goblins
  6 hobgoblins
  10 jackals
  2 quokkas
  2 ball python skeletons (D:2)
  3 bats
  A jackal skeleton (D:2)
  9 kobolds
  8 rats
153 creatures vanquished.

Vanquished Creatures (collateral kills)
  A wight (D:6)
  A ribbon worm (D:2)
  A giant cockroach (D:1)
  A hobgoblin (D:1)
  A quokka (D:2)
  A kobold (D:2)
6 creatures vanquished.

Grand Total: 159 creatures vanquished

Notes
Turn   | Place    | Note
-------+----------+-------------------------------------------
     0 | D:1      | mopl the Tengu Summoner began the quest for the Orb.
     0 | D:1      | Reached XP level 1. HP: 10/10 MP: 4/4
    46 | D:1      | Reached skill level 5 in Summonings
   149 | D:1      | Reached XP level 2. HP: 15/15 MP: 6/6
   155 | D:1      | Learned a level 2 spell: Call Imp
   212 | D:1      | Found a faded altar of an unknown god.
   364 | D:1      | Reached XP level 3. HP: 10/19 MP: 5/7
   368 | D:1      | Learned a level 3 spell: Call Canine Familiar
   948 | D:2      | Reached XP level 4. HP: 19/24 MP: 9/9
  1241 | D:3      | Reached skill level 6 in Summonings
  1322 | D:3      | Learned a level 4 spell: Summon Blazeheart Golem
  1342 | D:3      | Identified the +8 trident of Anguish {spect, rElec rC- SInv
                  | Stlth+}
  1350 | D:3      | Reached XP level 5. HP: 28/28 MP: 11/11
  1377 | D:3      | Found a shimmering blue altar of Sif Muna.
  1386 | D:3      | Became a worshipper of Sif Muna the Loreminder
  1436 | D:3      | Found a basalt altar of Yredelemnul.
  1480 | D:3      | Noticed Grinder
  1488 | D:3      | Paralysed by Grinder for 2 turns
  1491 | D:3      | Killed Grinder
  1492 | D:3      | Reached skill level 1 in Polearms
  1492 | D:3      | Reached skill level 7 in Summonings
  1492 | D:3      | Reached skill level 1 in Invocations
  1492 | D:3      | Reached XP level 6. HP: 28/32 MP: 7/13
  1767 | D:4      | Identified the +11 rapier of the Pit {venom, Str+2 Int+3}
  1887 | D:4      | Reached * piety under Sif Muna
  1918 | D:4      | Gained mutation: Your magical flight helps you evade
                  | attacks. (EV +4) [Tengu growth]
  1918 | D:4      | Reached XP level 7. HP: 33/36 MP: 14/14
  1960 | D:4      | Learned a level 4 spell: Summon Lightning Spire
  2501 | D:5      | Entered Level 5 of the Dungeon
  2587 | D:5      | Reached skill level 5 in Spellcasting
  2610 | D:5      | Reached skill level 1 in Fighting
  2686 | D:5      | Reached XP level 8. HP: 26/43 MP: 16/16
  2842 | D:5      | Noticed Eustachio
  2849 | D:5      | Killed Eustachio
  2850 | D:5      | Reached skill level 8 in Summonings
  3085 | D:5      | Found Zin's Purification Station.
  3087 | D:5      | Noticed Pikel
  3089 | D:5      | Found a glowing silver altar of Zin.
  3096 | D:5      | Killed Pikel
  3179 | D:5      | Bought a potion of curing for 90 gold pieces
  3238 | D:5      | Reached ** piety under Sif Muna
  3255 | D:5      | Reached skill level 9 in Summonings
  3396 | D:5      | Found an ornate altar of the Wu Jian Council.
  3628 | D:5      | Reached XP level 9. HP: 47/49 MP: 19/19
  4168 | D:6      | Noticed Prince Ribbit
  4187 | D:6      | Killed Prince Ribbit
  4382 | D:6      | Reached skill level 10 in Summonings
  4384 | D:6      | Reached *** piety under Sif Muna
  4606 | D:7      | Reached skill level 5 in Polearms
  4690 | D:7      | Engulfed by a steam dragon's steam

Illustrated notes

Levels and vault maps discovered:
D:1:      wheals_arrival_shading, layout_basic,
          shapermc_ecumenical_altar_totnotflames
D:2:      minmay_door_path, layout_rooms, serial_undead, serial_undead_b,
          serial_undead_c, serial_undead_a, serial_undead_e
D:3:      layout_rooms, old_standard_altar, amcnicky_altar_gilded, uniq_grinder
D:4:      layout_loops_ring, minmay_tree_intersection, grunt_decor_arrowhead
D:5:      layout_basic, zin_purify, pdpol_wu_jian_five_deadly_venoms,
          uniq_pikel, uniq_eustachio
D:6:      layout_cave_pools, serial_gnoll_camp, gnoll_camp_medium_02,
          gnoll_camp_mini_loothouse, gnoll_camp_mini_basic,
          gnoll_camp_mini_basic, uniq_prince_ribbit1
D:7:      layout_basic, minmay_temple_entry_slanted

Skill      XL: |  1  2  3  4  5  6  7  8  9 |
---------------+----------------------------+-----
Summonings     | 5 6 7 9 10 | 10.2
Spellcasting   | 3 4 5 6 7 |  7.2
Polearms       | 1 2 4 5 |  5.1
Invocations    | 1 2 3 4 |  4.0
Fighting       | 1 2 4 |  4.0
Dodging        | |  2.1
Stealth        | |  2.0
Shields        | |  0.6

Action                     |  1- 3 |  4- 6 |  7- 9 || total
---------------------------+-------+-------+-------++-------
  Melee: Unarmed           |    33 |       |       ||    33
         Kick              |    31 |    16 |    30 ||    77
         Peck              |    15 |     6 |    20 ||    41
         Dagger            |    59 |       |       ||    59
         Quarterstaff      |    24 |    24 |       ||    48
         Trident           |       |    43 |   176 ||   219
   Cast: Call Imp          |     2 |     2 |     1 ||     5
         Call Canine Famil |     1 |     2 |     7 ||    10
   Stab: Sleeping          |     6 |     9 |    12 ||    27
         Distracted        |       |       |     3 ||     3
 Armour: Robe              |    51 |    21 |     6 ||    78
         Leather armour    |       |       |    39 ||    39
  Dodge: Dodged            |   111 |    27 |    82 ||   220
